[ PARTIDA AOE2 · #508113292 ]
UnrankedSicilianos vs Dravidians
Equipo del jugador · VICT
Equipo rival · DERR
[ ANÁLISIS DE REPETICIÓN · EXTRAÍDO DE LA PARTIDA GRABADA ]
Feudal
8:28
Castillos
20:03
Imperial
31:31
| APM promedio | 93.5 |
| APM pico | 135 |
| eAPM promedio | 48.4 |
| Aldeanos / militares | 129 / 90 |
Foco
⚔️ 74.7% · 🌾 25.3%
Skirmisher ×49 · Archer ×32 · Trebuchet (Packed) ×5 · Monk ×2 · Mangonel ×2
Feudal
8:55
Castillos
21:53
Imperial
37:25
| APM promedio | 50.2 |
| APM pico | 75 |
| eAPM promedio | 25.7 |
| Aldeanos / militares | 115 / 78 |
Foco
⚔️ 45.2% · 🌾 54.8%
Skirmisher ×28 · Elephant Archer ×23 · Archer ×21 · Militia ×5 · Spearman ×1
Mapa de la partida
Recursos iniciales + cada clic de construcción. Líneas = muros · curvas = relieve. ◆ oro · ⬟ piedra · ● bayas · ✦ reliquia · ◌ hueco del cierre
Tu base· Abierta — hueco de 3t
Base de NuMa | OliverAtom· ✓ Cerrada en 21:53 · 34t muro · 1 puerta(s)
Terreno inicial suavizado · ◌ = hueco del cierre detectado · pasá el cursor para detalles
Inputs por minuto
— wappla - - NuMa | OliverAtom
Build order — wappla
Primeras 150 de 372 acciones detectadas
| 0:00 | Crear | Villager (Male) |
| 0:00 | Crear | Villager (Male) |
| 0:00 | Crear | Villager (Male) |
| 0:01 | Construir | House |
| 0:02 | Construir | House |
| 0:06 | Crear | Villager (Male) |
| 1:25 | Crear | Villager (Male) |
| 1:45 | Crear | Villager (Male) |
| 1:54 | Construir | Lumber Camp |
| 2:19 | Crear | Villager (Male) |
| 2:48 | Crear | Villager (Male) |
| 3:08 | Crear | Villager (Male) |
| 3:26 | Construir | House |
| 3:34 | Crear | Villager (Male) |
| 3:45 | Construir | House |
| 3:55 | Crear | Villager (Male) |
| 4:22 | Crear | Villager (Male) |
| 4:46 | Crear | Villager (Male) |
| 4:47 | Construir | Mill |
| 5:08 | Crear | Villager (Male) |
| 5:27 | Crear | Villager (Male) |
| 6:18 | Investigar | Feudal Age |
| 6:22 | Construir | Palisade Wall |
| 6:48 | Construir | Palisade Wall |
| 7:01 | Construir | Palisade Wall |
| 7:03 | Construir | Palisade Wall |
| 7:04 | Construir | Palisade Wall |
| 7:29 | Construir | Palisade Wall |
| 7:31 | Construir | Palisade Wall |
| 7:52 | Crear | Villager (Male) |
| 7:58 | Construir | Donjon |
| 8:28 | Edad | Edad Feudal |
| 8:30 | Investigar | Double-Bit Axe |
| 8:31 | Crear | Villager (Male) |
| 8:43 | Investigar | Horse Collar |
| 9:00 | Crear | Villager (Male) |
| 9:03 | Construir | Palisade Wall |
| 9:14 | Construir | Archery Range |
| 9:20 | Crear | Villager (Male) |
| 9:46 | Construir | Mining Camp |
| 9:52 | Crear | Villager (Male) |
| 9:57 | Construir | House |
| 10:02 | Crear | Archer |
| 10:14 | Crear | Villager (Male) |
| 10:17 | Crear | Archer |
| 10:21 | Construir | House |
| 10:31 | Crear | Villager (Male) |
| 10:45 | Investigar | Horse Collar |
| 10:47 | Crear | Villager (Male) |
| 10:51 | Crear | Archer |
| 11:11 | Construir | Farm |
| 11:23 | Construir | Palisade Wall |
| 11:26 | Construir | Farm |
| 11:29 | Crear | Villager (Male) |
| 11:36 | Construir | Farm |
| 11:49 | Crear | Archer |
| 12:02 | Construir | Farm |
| 12:03 | Crear | Villager (Male) |
| 12:05 | Construir | Farm |
| 12:08 | Crear | Villager (Male) |
| 12:22 | Construir | Palisade Wall |
| 12:28 | Crear | Villager (Male) |
| 12:30 | Construir | Farm |
| 12:32 | Construir | House |
| 12:41 | Crear | Archer |
| 13:01 | Crear | Villager (Male) |
| 13:04 | Construir | Farm |
| 13:05 | Construir | Farm |
| 13:09 | Construir | Farm |
| 13:18 | Construir | Palisade Wall |
| 13:20 | Crear | Archer |
| 13:23 | Construir | Farm |
| 13:32 | Crear | Archer |
| 13:34 | Construir | Palisade Wall |
| 13:36 | Crear | Villager (Male) |
| 13:50 | Construir | Palisade Wall |
| 13:51 | Crear | Villager (Male) |
| 13:56 | Construir | House |
| 14:00 | Investigar | Loom |
| 14:06 | Construir | Blacksmith |
| 14:17 | Construir | Farm |
| 14:32 | Crear | Archer |
| 14:35 | Crear | Villager (Male) |
| 14:38 | Construir | Farm |
| 14:47 | Crear | Archer |
| 14:57 | Construir | Farm |
| 14:59 | Crear | Villager (Male) |
| 15:06 | Construir | House |
| 15:15 | Crear | Archer |
| 15:16 | Crear | Villager (Male) |
| 15:21 | Construir | House |
| 15:34 | Crear | Archer |
| 15:41 | Construir | House |
| 15:46 | Crear | Villager (Male) |
| 15:54 | Construir | Farm |
| 15:58 | Construir | House |
| 16:00 | Crear | Villager (Male) |
| 16:04 | Crear | Archer |
| 16:13 | Construir | House |
| 16:35 | Construir | House |
| 16:39 | Construir | House |
| 16:45 | Construir | House |
| 16:48 | Crear | Villager (Male) |
| 16:49 | Crear | Archer |
| 17:23 | Investigar | Castle Age |
| 17:25 | Crear | Archer |
| 17:27 | Construir | House |
| 17:29 | Construir | House |
| 17:30 | Construir | House |
| 17:43 | Construir | House |
| 17:59 | Investigar | Fletching |
| 18:07 | Crear | Archer |
| 18:37 | Crear | Archer |
| 19:16 | Crear | Archer |
| 19:19 | Crear | Villager (Male) |
| 19:21 | Crear | Archer |
| 20:03 | Edad | Edad de los Castillos |
| 20:06 | Construir | Town Center |
| 20:06 | Investigar | Crossbowman (upgrade) |
| 20:07 | Investigar | Bodkin Arrow |
| 20:15 | Construir | Siege Workshop |
| 20:17 | Crear | Villager (Male) |
| 20:22 | Investigar | Bow Saw |
| 20:33 | Crear | Villager (Male) |
| 20:37 | Construir | House |
| 20:41 | Crear | Villager (Male) |
| 20:42 | Crear | Villager (Male) |
| 21:12 | Crear | Mangonel |
| 21:13 | Crear | Villager (Male) |
| 21:13 | Crear | Villager (Male) |
| 21:15 | Crear | Archer |
| 21:22 | Construir | House |
| 21:28 | Crear | Villager (Male) |
| 21:31 | Crear | Archer |
| 21:33 | Crear | Villager (Male) |
| 21:43 | Construir | Farm |
| 21:50 | Crear | Villager (Male) |
| 21:53 | Construir | Farm |
| 22:04 | Crear | Villager (Male) |
| 22:08 | Construir | House |
| 22:09 | Crear | Villager (Male) |
| 22:14 | Crear | Mangonel |
| 22:26 | Crear | Villager (Male) |
| 22:27 | Crear | Archer |
| 22:31 | Construir | Farm |
| 22:36 | Construir | Farm |
| 22:38 | Crear | Villager (Male) |
| 22:41 | Crear | Archer |
| 22:48 | Crear | Villager (Male) |
| 22:53 | Crear | Villager (Male) |
Build order — NuMa | OliverAtom
Primeras 150 de 355 acciones detectadas
| 0:02 | Crear | Villager (Male) |
| 0:03 | Construir | House |
| 0:04 | Crear | Villager (Male) |
| 0:05 | Construir | House |
| 0:06 | Crear | Villager (Male) |
| 0:14 | Crear | Villager (Male) |
| 1:33 | Crear | Villager (Male) |
| 1:34 | Crear | Villager (Male) |
| 1:54 | Construir | Lumber Camp |
| 1:59 | Crear | Villager (Male) |
| 1:59 | Crear | Villager (Male) |
| 2:18 | Crear | Villager (Male) |
| 2:56 | Crear | Villager (Male) |
| 3:13 | Crear | Villager (Male) |
| 3:48 | Crear | Villager (Male) |
| 3:48 | Crear | Villager (Male) |
| 3:48 | Crear | Villager (Male) |
| 3:59 | Construir | House |
| 4:28 | Construir | House |
| 4:39 | Crear | Villager (Male) |
| 5:00 | Crear | Villager (Male) |
| 5:24 | Crear | Villager (Male) |
| 5:24 | Investigar | Loom |
| 5:44 | Construir | Barracks |
| 6:38 | Construir | House |
| 6:45 | Investigar | Feudal Age |
| 6:45 | Investigar | Feudal Age |
| 6:45 | Investigar | Feudal Age |
| 7:01 | Crear | Militia |
| 7:01 | Crear | Militia |
| 7:06 | Construir | Mining Camp |
| 7:15 | Construir | Palisade Wall |
| 7:24 | Crear | Militia |
| 7:49 | Crear | Militia |
| 7:49 | Crear | Militia |
| 8:01 | Construir | Mill |
| 8:55 | Edad | Edad Feudal |
| 8:57 | Crear | Villager (Male) |
| 9:05 | Investigar | Man-at-Arms (upgrade) |
| 9:05 | Investigar | Man-at-Arms (upgrade) |
| 9:20 | Crear | Villager (Male) |
| 9:24 | Construir | Palisade Wall |
| 9:30 | Construir | Palisade Wall |
| 9:43 | Construir | Archery Range |
| 9:46 | Crear | Villager (Male) |
| 9:51 | Crear | Spearman |
| 10:14 | Crear | Villager (Male) |
| 10:27 | Construir | Palisade Wall |
| 10:40 | Crear | Villager (Male) |
| 10:42 | Construir | Palisade Gate |
| 10:43 | Construir | Palisade Wall |
| 10:47 | Crear | Archer |
| 10:49 | Crear | Archer |
| 11:02 | Crear | Villager (Male) |
| 11:34 | Construir | House |
| 11:35 | Investigar | Town Watch |
| 11:42 | Construir | Lumber Camp |
| 11:50 | Construir | Blacksmith |
| 11:58 | Crear | Villager (Male) |
| 12:00 | Construir | House |
| 12:06 | Investigar | Horse Collar |
| 12:06 | Investigar | Horse Collar |
| 12:11 | Crear | Archer |
| 12:20 | Crear | Villager (Male) |
| 12:35 | Construir | Farm |
| 12:40 | Crear | Archer |
| 12:47 | Crear | Villager (Male) |
| 12:48 | Construir | Farm |
| 13:05 | Construir | Farm |
| 13:08 | Construir | Farm |
| 13:12 | Construir | Palisade Wall |
| 13:21 | Crear | Villager (Male) |
| 13:31 | Crear | Archer |
| 13:38 | Construir | Farm |
| 13:41 | Crear | Villager (Male) |
| 13:54 | Construir | House |
| 13:55 | Construir | House |
| 14:01 | Construir | Farm |
| 14:07 | Crear | Villager (Male) |
| 14:11 | Construir | Farm |
| 14:30 | Crear | Villager (Male) |
| 14:31 | Construir | House |
| 14:36 | Construir | Farm |
| 14:39 | Crear | Villager (Male) |
| 14:48 | Construir | House |
| 14:53 | Investigar | Double-Bit Axe |
| 14:59 | Crear | Villager (Male) |
| 15:00 | Construir | House |
| 15:05 | Construir | House |
| 15:12 | Construir | House |
| 15:26 | Crear | Villager (Male) |
| 15:28 | Construir | House |
| 15:41 | Crear | Archer |
| 15:41 | Crear | Archer |
| 15:47 | Crear | Villager (Male) |
| 15:55 | Construir | Farm |
| 16:16 | Construir | Farm |
| 16:22 | Crear | Villager (Male) |
| 16:25 | Construir | Farm |
| 16:42 | Construir | Farm |
| 16:43 | Crear | Villager (Male) |
| 16:47 | Crear | Villager (Male) |
| 16:51 | Construir | Farm |
| 16:57 | Construir | Farm |
| 17:03 | Crear | Archer |
| 17:09 | Investigar | Wheelbarrow |
| 17:11 | Construir | Farm |
| 17:26 | Construir | Farm |
| 17:49 | Crear | Archer |
| 18:10 | Crear | Villager (Male) |
| 18:24 | Crear | Archer |
| 18:29 | Construir | Archery Range |
| 18:37 | Crear | Archer |
| 18:51 | Construir | House |
| 18:54 | Construir | House |
| 19:13 | Investigar | Castle Age |
| 19:14 | Investigar | Castle Age |
| 19:34 | Crear | Archer |
| 19:34 | Crear | Archer |
| 19:49 | Investigar | Gold Mining |
| 19:50 | Investigar | Gold Mining |
| 19:58 | Investigar | Fletching |
| 19:59 | Investigar | Fletching |
| 20:06 | Construir | Market |
| 20:09 | Construir | House |
| 20:11 | Construir | House |
| 20:13 | Construir | House |
| 20:20 | Crear | Archer |
| 20:29 | Crear | Villager (Male) |
| 20:32 | Crear | Archer |
| 21:11 | Crear | Archer |
| 21:13 | Investigar | Padded Archer Armor |
| 21:15 | Crear | Archer |
| 21:53 | Edad | Edad de los Castillos |
| 21:54 | Crear | Villager (Male) |
| 21:58 | Construir | Town Center |
| 21:59 | Investigar | Crossbowman (upgrade) |
| 22:00 | Investigar | Bodkin Arrow |
| 22:00 | Investigar | Bodkin Arrow |
| 22:07 | Investigar | Bow Saw |
| 22:31 | Crear | Villager (Male) |
| 22:43 | Investigar | Leather Archer Armor |
| 22:44 | Crear | Villager (Male) |
| 23:10 | Crear | Villager (Male) |
| 23:20 | Crear | Villager (Male) |
| 23:20 | Crear | Villager (Male) |
| 23:44 | Construir | University |
| 23:50 | Crear | Villager (Male) |
| 23:59 | Crear | Archer |
| 23:59 | Crear | Archer |
Cronología de la partida
| 5:44 | NuMa | OliverAtom · first_building Barracks |
| 6:22 | wappla · wall_segment Palisade Wall x6 |
| 6:48 | wappla · wall_segment Palisade Wall x10 |
| 7:01 | wappla · wall_segment Palisade Wall x1 |
| 7:03 | wappla · wall_segment Palisade Wall x1 |
| 7:04 | wappla · wall_segment Palisade Wall x1 |
| 7:15 | NuMa | OliverAtom · wall_segment Palisade Wall x1 |
| 7:29 | wappla · wall_segment Palisade Wall x2 |
| 7:31 | wappla · wall_segment Palisade Wall x10 |
| 7:58 | wappla · first_building Donjon |
| 8:28 | wappla · age_up feudal |
| 8:55 | NuMa | OliverAtom · age_up feudal |
| 9:03 | wappla · wall_segment Palisade Wall x7 |
| 9:14 | wappla · first_building Archery Range |
| 9:24 | NuMa | OliverAtom · wall_segment Palisade Wall x4 |
| 9:30 | NuMa | OliverAtom · wall_segment Palisade Wall x11 |
| 9:43 | NuMa | OliverAtom · first_building Archery Range |
| 10:27 | NuMa | OliverAtom · wall_segment Palisade Wall x12 |
| 10:43 | NuMa | OliverAtom · wall_segment Palisade Wall x1 |
| 11:23 | wappla · wall_segment Palisade Wall x1 |
| 12:22 | wappla · wall_segment Palisade Wall x9 |
| 13:12 | NuMa | OliverAtom · wall_segment Palisade Wall x5 |
| 13:18 | wappla · wall_segment Palisade Wall x1 |
| 13:34 | wappla · wall_segment Palisade Wall x1 |
| 13:50 | wappla · wall_segment Palisade Wall x1 |
| 20:03 | wappla · age_up castle |
| 20:15 | wappla · first_building Siege Workshop |
| 21:53 | NuMa | OliverAtom · age_up castle |
| 23:24 | wappla · first_building Monastery |
| 26:55 | wappla · first_building Castle |
| 28:12 | wappla · first_market_buy 100 food |
| 28:16 | wappla · first_market_sell 100 wood |
| 28:30 | NuMa | OliverAtom · first_building Stable |
| 28:35 | wappla · wall_segment Stone Wall x8 |
| 31:31 | wappla · age_up imperial |
| 32:49 | NuMa | OliverAtom · first_building Castle |
| 33:06 | NuMa | OliverAtom · first_market_sell 500 wood |
| 37:25 | NuMa | OliverAtom · age_up imperial |
| 37:41 | NuMa | OliverAtom · resign |
[ ANÁLISIS IA · 1 CRÉDITO ]
¿Qué pasó realmente en esta partida?
Wolo.gg analiza cada decisión: build order, eco, micro, errores típicos por bracket. Análisis personalizado por WhatsApp o Discord en 30 segundos.
Guía civ
Sicilianos
Perfil
wappla